 Dungeon Crawl Stone Soup version 0.30-a0-672-gc3a7216ad8 (webtiles) character file.

Game seed: 2209493063584613730

105026 drugrobin the Wrestler (level 15, 0/211 HPs)
             Began as a Demigod Delver on Jan 19, 2023.
             Slain by a +1 glaive of flaming (8 damage)
             ... on level 1 of the Elven Halls.
             The game lasted 01:26:56 (24057 turns).

drugrobin the Wrestler (Demigod Delver)            Turns: 24057, Time: 01:26:57

Health: 0/211      AC: 20    Str: 21    XL:     15   Next: 46%
Magic:  25/25      EV:  8    Int: 20    God:
Gold:   758        SH: 11    Dex: 17    Spells: 16/22 levels left

rFire   . . .      SeeInvis .      - Unarmed
rCold   . . .      Faith    .    y - +2 buckler
rNeg    . . .      Spirit   .    q - +2 chain mail {Will+}
rPois   .          Reflect  +    o - +2 hat
rElec   .          Harm     .    t - scarf {repulsion}
rCorr   .          Rampage  .    r - +0 pair of gloves
Will    ++...                    s - +2 pair of boots {Fly} Stlth
                                 d - amulet of reflection
HPRegen 0.55/turn                S - +4 ring of protection
MPRegen 0.19/turn                l - +4 ring of slaying

@: berserking (expiring), flying, repel missiles, very quick
A: high MP 1, forlorn, divine attributes, clumsy 1
a: no special abilities


You were on level 1 of the Elven Halls.
You visited 5 branches of the dungeon, and saw 24 of its levels.

You collected 2422 gold pieces.
You spent 1664 gold pieces at shops.

Inventory:

Hand Weapons
 b - the +9 hand crossbow of Trauma {drain, Will- Dex+5}
   (You bought it in a shop on level 8 of the Dungeon)

   Dex:       It affects your dexterity (+5).
   Will:      It decreases your willpower.
 c - a +0 whip of venom
 h - a +2 war axe of flaming
Missiles
 p - 6 atropa-tipped darts
 J - 7 silver javelins
 R - 6 curare-tipped darts
 V - 5 boomerangs (quivered)
Armour
 a - an orb of mayhem
 o - a +2 hat (worn)
 q - a +2 chain mail of willpower (worn)
 r - a +0 pair of gloves (worn)
 s - a +2 pair of boots of flying (worn)
 t - a scarf of repulsion (worn)
 u - a +3 leather armour of fire resistance
 y - a +2 buckler (worn)
 W - a +0 troll leather armour
Jewellery
 d - an amulet of reflection (around neck)
 l - a +4 ring of slaying (right hand)
 m - a ring of resist corrosion
 H - a ring of willpower
 S - a +4 ring of protection (left hand)
Wands
 f - a wand of digging (10)
 i - a wand of acid (18)
 C - a wand of polymorph (15)
 D - a wand of paralysis (6)
 G - a wand of flame (58)
 T - a wand of roots (12)
Scrolls
 k - 2 scrolls of poison
 n - 2 scrolls of enchant weapon
 w - a scroll of fear
 x - 3 scrolls of magic mapping
 E - 10 scrolls of fog
 F - 6 scrolls of teleportation
 I - a scroll of brand weapon
 L - a scroll of silence
 M - 2 scrolls of blinking
 U - 3 scrolls of vulnerability
Potions
 e - 4 potions of haste
 g - 14 potions of curing
 j - 6 potions of heal wounds
 v - a potion of berserk rage
 z - 2 potions of flight
 A - 2 potions of resistance {unknown}
 B - 3 potions of might
 K - a potion of invisibility
 N - a potion of cancellation
 O - 2 potions of ambrosia
 P - 6 potions of attraction


   Skills:
 + Level 15.1 Fighting
 + Level 2.1 Dodging
 - Level 4.5 Stealth
 + Level 21.1 Unarmed Combat
 - Level 4.0 Spellcasting
 + Level 1.6 Transmutations


You had 16 spell levels left.
You knew the following spells:

 Your Spells              Type           Power      Damage    Failure   Level
a - Sting                 Tmut/Pois      28%        1d4       82%         1
b - Poisonous Vapours     Pois/Air       8%         N/A       96%         2
c - Swiftness             Air            4%         N/A       99%         3

Your spell library contained the following spells:

 Spells                   Type           Power      Damage    Failure   Level
 Necrotise                Necr           16%        1d4       89%         1
 Sandblast                Erth           8%         2d5       89%         1
 Shock                    Conj/Air       16%        1d4       89%         1
 Slow                     Hex            16%        N/A       89%         1
 Passwall                 Tmut/Erth      5%         N/A       91%         2
 Confusing Touch          Hex            4%         N/A       99%         3
 Frozen Ramparts          Ice            8%         1d2       99%         3
 Gell's Gravitas          Tloc           4%         N/A       99%         3
 Ignite Poison            Fire/Tmut/Pois 6%         N/A       99%         3
 Kindle Blastsparks       Fire/Tloc/Air  8%         2d10      99%         3
 Stone Arrow              Conj/Erth      8%         3d7       99%         3
 Teleport Other           Tloc           4%         N/A       99%         3
 Vampiric Draining        Necr           4%         2d6       99%         3
 Airstrike                Air            2%         2d(1-17)  100%        4
 Ice Form                 Ice/Tmut       7%         N/A       100%        4
 Olgreb's Toxic Radiance  Pois           4%         N/A       100%        4
 Summon Ice Beast         Ice/Summ       4%         N/A       100%        4
 Agony                    Necr           4%         N/A       100%        5
 Freezing Cloud           Conj/Ice/Air   2%         6-21      100%        5
 Silence                  Hex/Air        2%         N/A       100%        5
 Dispersal                Tloc           2%         N/A       100%        6
 Statue Form              Tmut/Erth      4%         N/A       100%        6
 Necromutation            Tmut/Necr      3%         N/A       100%        8


Dungeon Overview and Level Annotations

Branches:
Dungeon (15/15)            Temple (1/1) D:5            Lair (5/5) D:9
  Swamp (0/4) Lair:3       Spider (0/4) Lair:3        Slime (0/5) Lair:4
    Orc (2/2) D:9             Elf (1/3) Orc:2        Vaults (0/5) D:13
 Depths (0/4) D:15

Shops:
D:6 =   D:8 *   D:14 =   Orc:2 =:!(

Annotations:
D:2 1 runed translucent door, Crazy Yiuf
D:6 2 transporters, OTABOTABOTAB's ghost, novice KoHu
D:8 3 runed translucent doors, GiantSquids's ghost, novice DEHu
D:15 2 transporters, Ceh Rif's ghost, adept HuWn
Lair:2 6 runed translucent doors
Lair:3 Rupert
Lair:4 3 runed translucent doors, exclusion: downstairs, Kilil's ghost, journeyman DrNe; Mouclenn's ghost, journeyman DEFE; Newt's ghost, journeyman DsGl; Pioth's ghost, journeyman MiFi


Innate Abilities, Weirdness & Mutations

You have an increased reservoir of magic. (+10% MP)
You shall have no god before yourself.
Your divine heritage dramatically boosts your attributes as you level up.
You are clumsy. (Dex -2)


Message History

The deep elf zephyrmancer is almost dead.
The +1 glaive of flaming barely misses you.
You block the deep elf zephyrmancer's attack.
A deep elf zephyrmancer comes into view.
It is wielding a +0 rapier.
A deep elf zephyrmancer comes into view.
It is wielding a +0 dagger.
Unknown command.
Unknown command.
Unknown command.
Unknown command.
You pummel the deep elf zephyrmancer!!
You kill the deep elf zephyrmancer!
You block the +1 glaive of flaming's attack.
The deep elf archer unwields a +0 short sword.
The deep elf archer wields a +0 shortbow of electrocution.
You hear the crackle of electricity.
The deep elf archer shoots an arrow.
The arrow barely misses you.
Unknown command.
Unknown command.
Unknown command.
Unknown command.
Unknown command.
Unknown command.
Unknown command.
Unknown command.
Unknown command.
Unknown command.
Unknown command.
The deep elf zephyrmancer mumbles some strange words.
The deep elf zephyrmancer blinks!
Unknown command.
Unknown command.
Unknown command.
Unknown command.
Unknown command.
Unknown command.
Unknown command.
You miss the +1 glaive of flaming.
The +1 glaive of flaming is lightly damaged.
The +1 glaive of flaming hits you!
You die...

#...#........#
#.<.#......⌠.#
#)..#........#
#.).##..##...# ..#
#.).#....#...# ..#
#)..#....#...# ..
#...#....#...# (.
#.[.#....#..)# .# ##
#...#....#)§@# .#..###
#...##..##..(##...e...
#.....)).#.ee....###.#
#.⌠......#.⌠..§..###..
#........#.e..e#.###..
################.####.
####. .#### .###


You could see a deep elf archer (repels missiles), 3 deep elf zephyrmancers and
a +1 glaive of flaming.

Vanquished Creatures
  2 ettins
  A fire dragon (D:13)
  4 vault guards (D:13)
  A hydra (D:15)
  2 catoblepae
  18 two-headed ogres
  4 boulder beetles
  9 centaur warriors
  5 ogre magi
  11 death yaks
  2 orc high priests
  3 tengu warriors (D:13)
  Urug (Orc:2)
  Amaemon (D:11)
  Nergalle (D:11)
  Lodul (D:13)
  2 deep elf archers (Elf:1)
  4 deep elf pyromancers
  2 orc knights
  A wolf spider (shapeshifter) (D:13)
  A shining eye (D:12)
  2 wolf spiders
  4 deep elf zephyrmancers (Elf:1)
  20 ugly things
  3 cyclopes
  4 orc sorcerers
  4 manticores
  10 elephants
  Maurice (D:13)
  4 gargoyles
  A torpor snail (Lair:4)
  4 black mambas
  An orange demon (D:11)
  8 cane toads
  6 rime drakes
  Maggie (D:10)
  3 unseen horrors
  10 komodo dragons
  A yaktaur (D:13)
  A kobold demonologist (D:12)
  2 tengu conjurers (D:13)
  An efreet (D:14)
  A freezing wraith (D:14)
  3 polar bears
  A queen bee (D:9)
  3 meliai (D:15)
  2 burning bushes (Lair:1)
  A tarantella (Lair:2)
  5 trolls
  A meliai (shapeshifter) (D:13)
  A tarantella (shapeshifter) (D:13)
  A hornet (D:10)
  Prince Ribbit (Lair:2)
  5 dream sheep (Lair:4)
  11 blink frogs
  A jumping spider (shapeshifter) (D:13)
  12 slime creatures
  4 jumping spiders
  2 shadows (D:11)
  5 wyverns
  3 wraiths
  A spriggan (shapeshifter) (D:15)
  Sigmund (D:3)
  47 yaks
  4 basilisks
  A redback (shapeshifter) (D:13)
  3 redbacks
  A steam dragon (Lair:3)
  Menkaure (D:5)
  4 vampire mosquitoes
  An acid dragon (D:9)
  3 wargs (Orc:1)
  13 water moccasins
  11 orc warriors
  2 sky beasts (D:7)
  34 ogres
  18 centaurs
  2 phantoms (D:5)
  16 wolves
  2 kobold brigands
  10 bullfrogs
  2 scorpions
  A necrophage (D:7)
  8 wights
  17 killer bees
  An electric eel (D:9)
  4 howler monkeys
  12 orc priests
  10 hounds
  2 jellies
  Jessica (D:3)
  4 iguanas
  Terence (D:3)
  17 orc wizards
  11 hell rats
  4 gnolls
  7 adders
  10 river rats (Lair:4)
  A shadow imp (D:5)
  A white imp (D:8)
  2 ufetubi
  A worm (D:4)
  3 dart slugs
  40 orcs
  4 ball pythons
  3 bats
  4 endoplasms
  2 giant cockroaches
  4 goblins
  7 hobgoblins
  4 jackals
  4 quokkas
  3 frilled lizards (D:1)
  19 kobolds
  8 rats
627 creatures vanquished.

Vanquished Creatures (others)
  A bush (Lair:2)
  30 fungi
  66 plants
97 creatures vanquished.

Grand Total: 724 creatures vanquished

Notes
Turn   | Place    | Note
-------+----------+-------------------------------------------
     0 | D:5      | drugrobin the Demigod Delver began the quest for the Orb.
     0 | D:5      | Reached XP level 1. HP: 18/18 MP: 3/3
     8 | D:5      | Noticed Menkaure
    24 | D:6      | Found Jatugo's Jewellery Shoppe.
    50 | D:6      | Noticed an orc priest
    80 | D:5      | Killed Menkaure
    81 | D:5      | Reached skill level 4 in Unarmed Combat
    81 | D:5      | Reached XP level 2. HP: 25/25 MP: 4/4
    81 | D:5      | Reached XP level 3. HP: 30/30 MP: 5/5
    81 | D:5      | Reached XP level 4. HP: 37/37 MP: 6/6
  1644 | D:2      | Reached skill level 5 in Unarmed Combat
  1801 | D:2      | Found a runed translucent door.
  1802 | D:2      | Noticed Crazy Yiuf
  1865 | D:3      | Noticed Terence
  1875 | D:3      | Killed Terence
  1876 | D:3      | Reached XP level 5. HP: 36/42 MP: 7/7
  2408 | D:3      | Noticed Sigmund
  2521 | D:3      | Killed Sigmund
  2522 | D:3      | Reached skill level 6 in Unarmed Combat
  2522 | D:3      | Reached XP level 6. HP: 50/50 MP: 8/8
  2545 | D:3      | Noticed Jessica
  2554 | D:3      | Killed Jessica
  3383 | D:4      | Reached skill level 7 in Unarmed Combat
  3722 | D:4      | Reached XP level 7. HP: 55/56 MP: 9/9
  4275 | D:5      | Reached skill level 8 in Unarmed Combat
  4573 | D:5      | Found a staircase to the Ecumenical Temple.
  4679 | Temple   | Entered the Ecumenical Temple
  4808 | D:5      | Reached skill level 9 in Unarmed Combat
  4983 | D:5      | Reached XP level 8. HP: 60/62 MP: 10/10
  5339 | D:6      | Reached skill level 10 in Unarmed Combat
  5392 | D:6      | Found a transporter.
  5532 | D:6      | Learned a level 1 spell: Sting
  5535 | D:6      | Learned a level 2 spell: Poisonous Vapours
  5718 | D:6      | Found a transporter.
  5718 | D:6      | Noticed OTABOTABOTAB's ghost (novice KoHu)
  6063 | D:6      | Bought an amulet of regeneration for 330 gold pieces
  6171 | D:7      | Reached skill level 11 in Unarmed Combat
  6374 | D:7      | Reached XP level 9. HP: 59/68 MP: 11/11
  6834 | D:8      | Found Wipte's Assorted Antiques.
  7079 | D:8      | Found a runed translucent gate.
  7080 | D:8      | Found a runed translucent gate.
  7151 | D:8      | Reached skill level 12 in Unarmed Combat
  7205 | D:8      | Found a runed translucent gate.
  7216 | D:8      | Noticed GiantSquids's ghost (novice DEHu)
  8462 | D:9      | Reached skill level 13 in Unarmed Combat
  8588 | D:9      | Reached XP level 10. HP: 68/79 MP: 13/13
  8745 | D:9      | Found a staircase to the Lair.
  8791 | D:9      | Found a staircase to the Orcish Mines.
  9193 | D:10     | Entered Level 10 of the Dungeon
  9232 | D:10     | Reached skill level 5 in Fighting
  9337 | D:10     | Noticed Maggie
  9367 | D:10     | Reached skill level 14 in Unarmed Combat
  9409 | D:8      | Bought a polished hand crossbow for 314 gold pieces
  9409 | D:8      | Identified the +9 hand crossbow of Trauma {drain, Will-
                  | Dex+5} (You bought it in a shop on level 8 of the Dungeon)
  9511 | D:10     | Found a large runed translucent door.
  9511 | D:10     | Found a large runed translucent door.
 10014 | D:10     | Killed Maggie
 10215 | Lair:1   | Entered Level 1 of the Lair of Beasts
 10215 | Lair:1   | Noticed a catoblepas
 10245 | Orc:1    | Entered Level 1 of the Orcish Mines
 10338 | Orc:2    | Entered Level 2 of the Orcish Mines
 10410 | Orc:1    | Reached XP level 11. HP: 46/91 MP: 14/14
 10510 | Orc:2    | Noticed an orc high priest
 10520 | Orc:2    | Noticed a sixfirhy
 10530 | Orc:1    | Noticed a sun demon
 10538 | Orc:1    | Killed an orc high priest
 10539 | Orc:1    | Reached skill level 15 in Unarmed Combat
 10655 | Orc:2    | Found a staircase to the Elven Halls.
 10676 | Orc:2    | Noticed a two-headed ogre
 10676 | Orc:2    | Noticed a two-headed ogre
 10677 | Orc:2    | Noticed a two-headed ogre
 10788 | D:9      | Killed a catoblepas
 10997 | Lair:1   | Noticed a death yak
 11060 | Lair:1   | Killed a death yak
 11126 | Lair:1   | Noticed a death yak
 11129 | Lair:1   | Noticed a death yak
 11150 | Lair:1   | Killed a death yak
 11152 | Lair:1   | Noticed a death yak
 11161 | D:9      | Killed a death yak
 11195 | Lair:1   | Killed a death yak
 11196 | Lair:1   | Reached skill level 16 in Unarmed Combat
 11922 | Lair:2   | Noticed a death yak
 11923 | Lair:2   | Noticed a death yak
 11923 | Lair:2   | Noticed a death yak
 11929 | Lair:1   | Reached XP level 12. HP: 61/103 MP: 15/15
 12082 | Lair:2   | Noticed Prince Ribbit
 12090 | Lair:2   | Killed Prince Ribbit
 12163 | Lair:2   | Reached skill level 17 in Unarmed Combat
 13076 | Lair:2   | Found a runed translucent door.
 13275 | Lair:2   | Found a runed translucent gate.
 13276 | Lair:2   | Noticed a boulder beetle
 13277 | Lair:2   | Found a runed translucent gate.
 13278 | Lair:2   | Found a runed translucent gate.
 13278 | Lair:2   | Found a runed translucent gate.
 13278 | Lair:2   | Found a runed translucent gate.
 13278 | Lair:2   | Noticed a boulder beetle
 13278 | Lair:2   | Noticed a boulder beetle
 13298 | Lair:2   | Found a runed translucent gate.
 13451 | Lair:3   | Found a staircase to the Swamp.
 13617 | Lair:3   | Reached skill level 10 in Fighting
 13652 | Lair:3   | Found a hole to the Spider Nest.
 13968 | Lair:3   | Reached skill level 18 in Unarmed Combat
 14132 | Lair:3   | Reached XP level 13. HP: 106/114 MP: 16/16
 14223 | Lair:3   | Noticed Rupert
 14331 | Lair:4   | Found a staircase to the Slime Pits.
 15010 | Lair:4   | Found a runed translucent gate.
 15010 | Lair:4   | Noticed Mouclenn's ghost (journeyman DEFE)
 15012 | Lair:4   | Noticed Kilil's ghost (journeyman DrNe)
 15012 | Lair:4   | Noticed Pioth's ghost (journeyman MiFi)
 15012 | Lair:4   | Noticed Newt's ghost (journeyman DsGl)
 15013 | Lair:4   | Found a runed translucent gate.
 15013 | Lair:4   | Found a runed translucent gate.
 15411 | Lair:5   | Entered Level 5 of the Lair of Beasts
 16300 | Lair:4   | Reached skill level 19 in Unarmed Combat
 16808 | Orc:2    | Paralysed by an ogre mage for 4 turns
 17427 | D:11     | Noticed Amaemon
 17453 | D:11     | Killed Amaemon
 17745 | D:11     | Noticed Nergalle
 17753 | D:11     | Killed Nergalle
 18423 | D:12     | Reached XP level 14. HP: 126/126 MP: 17/17
 18691 | D:12     | Noticed Nessos
 18692 | D:12     | Nessos changed into Nessos the shining eye
 18692 | D:12     | Noticed Nessos
 18710 | D:12     | Gained mutation: You are clumsy. (Dex -2) [Nessos]
 18713 | D:12     | Killed Nessos the shining eye
 18869 | D:12     | Reached skill level 1 in Spellcasting
 19109 | D:13     | Reached skill level 20 in Unarmed Combat
 19212 | D:13     | Noticed Lodul
 19227 | D:13     | Killed Lodul
 19378 | D:13     | Noticed Maurice
 19431 | D:13     | Killed Maurice
 20396 | D:13     | Found a gate to the Vaults.
 21160 | D:14     | Found Isedatwoko's Jewellery Shoppe.
 21671 | D:15     | Entered Level 15 of the Dungeon
 21915 | D:15     | Learned a level 3 spell: Swiftness
 21927 | D:15     | Found a transporter.
 21929 | D:15     | Noticed Ceh Rif's ghost (adept HuWn)
 21983 | D:15     | Identified the +11 long sword of the Inviting Fulmar {vamp,
                  | Int+4 Dex-5}
 22001 | D:15     | Reached XP level 15. HP: 83/139 MP: 25/25
 22089 | D:15     | Found a transporter.
 22577 | D:15     | Found a staircase to the Depths.
 22865 | Orc:1    | HP: 4/139 [ettin/+0 dire flail (37)]
 23024 | Orc:2    | Noticed Urug
 23035 | Orc:2    | Killed Urug
 23171 | Orc:2    | Reached skill level 21 in Unarmed Combat
 23183 | Orc:2    | Reached skill level 15 in Fighting
 23304 | Orc:2    | Found Edynk's Weapon Boutique.
 23304 | Orc:2    | Found Qeink's Distillery.
 23305 | Orc:2    | Found Ostrooba's Book Shoppe.
 23305 | Orc:2    | Found Leloed's Jewellery Shop.
 23313 | Orc:2    | Bought a potion of invisibility for 136 gold pieces
 23313 | Orc:2    | Bought a potion of cancellation for 136 gold pieces
 23541 | Orc:2    | Bought the Secrets of Altered Execration for 748 gold
                  | pieces
 23552 | Elf:1    | Entered Level 1 of the Elven Halls
 23718 | Elf:1    | Reached skill level 1 in Transmutations
 24052 | Elf:1    | HP: 7/211 [+1 glaive of flaming (15)]
 24057 | Elf:1    | Slain by a +1 glaive of flaming

Illustrated notes

Levels and vault maps discovered:
D:1:      roderic_octagonal_star, layout_basic, minmay_misc_feat_x,
          minmay_unequal
D:2:      layout_basic, hellmonk_ecumenical_altar_arch_garden,
          uniq_crazy_yiuf_cottage
D:3:      layout_basic, overflow_temple_1_default, grunt_ministairs_2,
          uniq_terence, uniq_sigmund, uniq_jessica
D:4:      layout_cave_pods, vehumet_crystals,
          chequers_temple_overflow_minitemple
D:5:      layout_rooms, minmay_temple_entry_arrows, kennysheep_nub,
          uniq_menkaure
D:6:      layout_loops_ring, serial_shops, kennysheep_little_box,
          gammafunk_ghost_stat_death, st_stairs_3,
          chequers_serial_rivers_room_b, corexii_shack, kennysheep_path_1,
          minivault_11
D:7:      layout_cave_pools, mainiacjoe_overflow_six_doors_small
D:8:      layout_layer_cave, serial_shops, shop, gammafunk_ghost_necromancy,
          nicolae_elevator_lobby_asterisk
D:9:      layout_cave_pools, mainiacjoe_overflow_tiny_flanked, erik_lair_island,
          orc_0_dummy, nicolae_looking_at_the_future
D:10:     layout_loops_ring, jmf_multi_god_temple2,
          nicolae_overflow_hidden_temple, nicolae_nh_ransacked_shop, uniq_maggie
D:11:     layout_basic, serial_glass, glass_columns_c, glass_columns_b,
          uniq_amaemon, uniq_nergalle
D:12:     layout_irregular_city, chequers_serial_rivers_marsh,
          kennysheep_just_a_vault, uniq_nessos
D:13:     layout_stronghold, grunt_vaults_entry_fortified, nzn_random_ring,
          uniq_maurice, uniq_lodul
D:14:     layout_irregular_city, serial_shops, nicolae_shop_stone,
          kennysheep_pointless_box
D:15:     hangedman_depths_entry_try_elsewhere_first, layout_small_grid,
          gammafunk_ghost_mausoleum, nzn_hepliaklqana_mist_gate
Temple:   kb_temple_of_zot
Lair:1:   layout_long_grid, evilmike_ambush [evilmike_ambush_outer_basic,
          evilmike_ambush_inner_basic], grunt_megastairs_4
Lair:2:   gammafunk_indiana_jones, layout_gridlike, serial_forest,
          infiniplex_forest_end_1, infiniplex_forest_corner_1,
          infiniplex_forest_end_1, infiniplex_forest_clump_diagonal,
          infiniplex_forest_straight_4, infiniplex_forest_clump_medium,
          infiniplex_forest_lined_2, uniq_prince_ribbit2
Lair:3:   layout_loops_ring, minmay_swamp_entry_worms,
          spider_nest_entry_funnel_web, uniq_rupert
Lair:4:   layout_roguey, dpeg_slime_entry_enclosed, gammafunk_ghost_cemetery,
          chequers_serial_rivers_small_3, kennysheep_rathole,
          grunt_megastairs_3, lemuel_fruit_fields
Lair:5:   evilmike_catoblepas_cave, layout_misc_corridors, special_room
          [special_room_mythical_zoo]
Orc:1:    layout_diamond_mine
Orc:2:    st_orc_ogre_mass, layout_caves, uniq_urug
Elf:1:    nicolae_elf_arrival_no_cutting_in_line, layout_loops_cross,
          serial_shops, shop, minmay_elf_sorcery, uniq_frances

Skill      XL: |  1  2  3  4  5  6  7  8  9 10 11 12 13 14 15 |
---------------+----------------------------------------------+-----
Unarmed Combat | 4 5 6 7 9 11 13 14 16 18 19 20 21 | 21.1
Fighting       | 4 6 8 10 12 14 15 | 15.1
Spellcasting   | 4 |  4.0
Transmutations | 1 |  1.6
Dodging        | 2 |  2.1
Stealth        | |  4.5

Action                   |  1- 3 |  4- 6 |  7- 9 | 10-12 | 13-15 || total
-------------------------+-------+-------+-------+-------+-------++-------
Melee: Unarmed           |       |   194 |   381 |   604 |   807 ||  1986
       Whip              |       |    48 |    16 |    25 |     4 ||    93
       Punch             |       |     2 |       |       |       ||     2
       War axe           |       |       |       |       |     6 ||     6
 Fire: Sling             |       |    12 |    36 |     4 |       ||    52
       Hand crossbow     |       |       |       |   134 |   336 ||   470
Throw: Dart              |       |     5 |    10 |     1 |     2 ||    18
       Boomerang         |       |       |    13 |    10 |     3 ||    26
       Throwing net      |       |       |       |     1 |       ||     1
 Cast: Poisonous Vapours |       |       |     7 |       |     2 ||     9
       Sting             |       |       |     2 |     6 |     3 ||    11
Evoke: Wand              |     2 |       |     3 |     1 |     7 ||    13
  Use: Scroll            |       |       |       |    16 |    10 ||    26
       Potion            |       |       |       |     4 |     3 ||     7
 Stab: Sleeping          |       |    12 |     1 |       |     1 ||    14
       Distracted        |       |       |     1 |       |       ||     1
       Held in net/web   |       |       |       |     1 |       ||     1
Armor: Scale mail        |       |    74 |    65 |       |       ||   139
       Leather armour    |       |     2 |    61 |       |       ||    63
       Troll leather arm |       |       |     5 |   288 |   381 ||   674
       Chain mail        |       |       |       |       |    23 ||    23
Dodge: Dodged            |       |    81 |   176 |   319 |   372 ||   948
       Repelled          |       |       |     2 |     2 |    13 ||    17
Block: Buckler           |       |    29 |    60 |   174 |   417 ||   680
       Reflection        |       |       |       |       |    59 ||    59

Table legend: (Time is in decaauts)
 A = Elapsed time spent in this place.
 B = Non-inter-level travel time spent in this place.
 C = Inter-level travel time spent in this place.
 D = Time resting spent in this place.
 E = Time spent auto-exploring this place.
 F = Levels seen in this place.
 G = Mean time per level.
                   A        B        C        D        E       F      G
               +--------+--------+--------+--------+--------+-----+--------+
         Total |  23976 |  22368 |   1608 |   2465 |  13055 |  24 |  999.0 |
       Dungeon |  15913 |  15084 |    829 |   1002 |   9686 |  15 | 1060.9 |
        Temple |     57 |     57 |      0 |     31 |      0 |   1 |   57.0 |
          Lair |   5791 |   5084 |    707 |    661 |   2704 |   5 | 1158.2 |
  Orcish Mines |   1849 |   1777 |     72 |    542 |    638 |   2 |  924.5 |
   Elven Halls |    364 |    364 |      0 |    228 |     26 |   1 |  364.0 |
               +--------+--------+--------+--------+--------+-----+--------+

Top non-repeatable levels by time:
  Lair:4: 2047 daAuts
    D:13: 1692 daAuts
     D:9: 1510 daAuts
     D:8: 1473 daAuts
  Lair:2: 1410 daAuts
     D:4: 1252 daAuts
    D:14: 1205 daAuts
     D:3: 1177 daAuts
  Lair:3: 1126 daAuts
   Orc:2: 1103 daAuts
  Lair:1: 1095 daAuts
     D:6: 1016 daAuts
     D:1: 996 daAuts
    D:12: 955 daAuts
    D:10: 892 daAuts
